 Dungeon Crawl Stone Soup version 0.30.2 (webtiles) character file.

Game seed: 16545174739507617602

5157 Strat the Tainter (level 10, -9/72 HPs)
             Began as an Octopode Venom Mage on Feb 13, 2024.
             Was a Believer of Vehumet.
             Mangled by a death yak (24 damage)
             ... on level 9 of the Dungeon.
             The game lasted 00:21:40 (11102 turns).

Strat the Tainter (Octopode Venom Mage)            Turns: 11102, Time: 00:21:41

Health: -9/72      AC:  1    Str:  8    XL:     10   Next: 59%
Magic:  8/22       EV: 13    Int: 22    God:    Vehumet [**....]
Gold:   479        SH:  0    Dex: 12    Spells: 13/25 levels left

rFire   . . .        a - +2 dagger (venom)
rCold   . . .        (no shield)
rNeg    . . .        (helmet restricted)
rPois   +            (no amulet)
rElec   .            c - ring of poison resistance
rCorr   .            (no ring)
SInv    .            (no ring)
Will    .....        (no ring)
Stlth   ++++         (no ring)
HPRegen 0.32/turn    (no ring)
MPRegen 0.18/turn    (no ring)
                     (no ring)

%: no passive effects
@: about to teleport
A: almost no armour, amphibious, 8 rings, camouflage 1, gelatinous body 1,
(nimble swimmer 1), tentacles
a: Renounce Religion


You were on level 9 of the Dungeon.
You worshipped Vehumet.
Vehumet was pleased with you.
You visited 2 branches of the dungeon, and saw 10 of its levels.

You collected 479 gold pieces.

Inventory:

Hand Weapons
 a - a +2 dagger of venom (weapon)
 p - a +4 heavy whip
Jewellery
 c - a ring of poison resistance (left tentacle)
 i - a ring of flight
 k - the ring "Moinwaqa" {+Blink rF- Int+3 Dex+6}
   (You found it on level 2 of the Dungeon)

   [ring of dexterity]

   Int:       It affects your intelligence (+3).
   Dex:       It affects your dexterity (+6).
   rF:        It makes you vulnerable to fire.
   +Blink:    It lets you blink.
Wands
 n - a wand of mindburst (6)
 y - a wand of roots (4)
Scrolls
 b - a scroll of enchant armour
 j - 2 scrolls of amnesia
Potions
 d - 3 potions of lignification
 e - a potion of flight
 f - 2 potions of berserk rage
 g - 2 potions of invisibility
 h - 4 potions of attraction
 l - 3 potions of magic
 m - a potion of mutation {unknown}
 v - 3 potions of degeneration
 z - a potion of ambrosia


   Skills:
 + Level 8.3 Fighting
 + Level 2.0 Dodging
 - Level 5.0 Stealth
 + Level 8.3 Spellcasting
 - Level 3.0 Conjurations
 - Level 1.0 Transmutations
 - Level 2.0 Air Magic
 + Level 10.3 Poison Magic


You had 13 spell levels left.
You knew the following spells:

 Your Spells              Type           Power      Damage    Failure   Level
a - Sting                 Tmut/Pois      100%       1d8       1%          1
b - Poisonous Vapours     Pois/Air       72%        N/A       1%          2
c - Mephitic Cloud        Conj/Pois/Air  31%        N/A       2%          3
d - Olgreb's Toxic Radia  Pois           53%        N/A       1%          4
e - Apportation           Tloc           18%        N/A       8%          1
f - Sandblast             Erth           18%        2d7       8%          1

Your spell library contained the following spells:

 Spells                   Type           Power      Damage    Failure   Level
 Static Discharge         Conj/Air       40%        2-4/arc   4%          2
 Summon Small Mammal      Summ           36%        N/A       8%          1
 Lesser Beckoning         Tloc           18%        N/A       11%         2
 Alistair's Intoxication  Tmut/Pois      22%        N/A       19%         5
 Call Canine Familiar     Summ           9%         N/A       22%         3
 Gell's Gravitas          Tloc           9%         N/A       22%         3
 Inner Flame              Hex/Fire       9%         N/A       22%         3
 Portal Projectile        Hex/Tloc       18%        N/A       22%         3
 Summon Guardian Golem    Hex/Summ       9%         N/A       22%         3
 Teleport Other           Tloc           9%         N/A       22%         3
 Tukima's Dance           Hex            9%         N/A       22%         3
 Cause Fear               Hex            4%         N/A       58%         4


Dungeon Overview and Level Annotations

Branches:
Dungeon (9/15)             Temple (1/1) D:5
   Lair: D:8-11         Orc: D:9-12

Altars:
Ashenzari
Cheibriados
Dithmenos
Elyvilon
Gozag
Hepliaklqana
Kikubaaqudgha
Makhleb
Nemelex Xobeh
Qazlal
Ru
Sif Muna
Trog
Uskayaw
Vehumet
Wu Jian
Xom
Yredelemnul
Zin
The Shining One

Shops:
D:2 [   D:3 *

Annotations:
D:2 Sigmund
D:5 2 transporters, Grinder; RancidPinata's ghost, weakling OpDe
D:6 Blork the orc


Innate Abilities, Weirdness & Mutations

You cannot wear most types of armour.
You are amphibious.
You can wear up to eight rings at the same time.
Your skin changes colour to match your surroundings (Stealth+).
Your rubbery body absorbs attacks. (AC +1, EV +1)
((You are camouflaged when in or above water. (Stealth+)))
You have tentacles for arms and can constrict up to eight enemies at once.


Message History

The death yak looks as sick as possible!
Your toxic aura wanes.
Casting: Olgreb's Toxic Radiance (dangerous; 1% risk of failure)
Confirm with . or Enter, or press ? or * to list all spells.
Aiming: Mephitic Cloud (mildly dangerous; 2% risk of failure)
Press: ? - help, Shift-Dir - straight line, f - death yak
Aim: a death yak (heavily wounded, extremely poisoned, chance to affect: 34%)
The ball explodes into a vile cloud!
The stinking cloud engulfs the death yak but does no damage.
The death yak is heavily wounded.
The death yak is engulfed in noxious fumes.
Casting: Mephitic Cloud (mildly dangerous; 2% risk of failure)
Confirm with . or Enter, or press ? or * to list all spells.
Aiming: Mephitic Cloud (mildly dangerous; 2% risk of failure)
Press: ? - help, Shift-Dir - straight line, f/p - death yak
Aim: a death yak (heavily wounded, extremely poisoned, chance to affect: 34%)
The ball explodes into a vile cloud!
The stinking cloud engulfs the death yak but does no damage.
The death yak is heavily wounded.
The stinking cloud engulfs you but does no damage.
The death yak is engulfed in noxious fumes.
The death yak gores you.
The death yak is engulfed in noxious fumes.
Casting: Mephitic Cloud (mildly dangerous; 2% risk of failure)
Confirm with . or Enter, or press ? or * to list all spells.
You begin to radiate toxic energy.
The death yak looks as sick as possible! x2
The death yak gores you!!
Unknown command.
You hit the death yak.
The death yak is heavily wounded.
The death yak gores you!!
* * * LOW HITPOINT WARNING * * *
The death yak looks as sick as possible!
Your toxic aura wanes.
The death yak attacks as you move away! The death yak gores you!
* * * LOW HITPOINT WARNING * * *
As you read the scroll of teleportation, it crumbles to dust.
You feel strangely unstable. The death yak gores you!!
You die...

####### ......#
......#
......#############
..........>.....@.#
.......#.#.######Y#
.......#.#.# #.#
......Y#.#.# #.#
..####.#.#.# #.#
..# #.#.#.# #.#
..####.#.#.# #.#
..'....#.#.######.#
..####.#..........#


You could see a death yak (very poisoned).

Vanquished Creatures
  A death yak (D:9)
  Pikel (D:9)
  A hornet (D:9)
  Prince Ribbit (D:6)
  7 yaks
  2 steam dragons
  Edmund (D:6)
  2 water moccasins
  Duvessa (D:5)
  An orc warrior (D:9)
  2 sky beasts (D:7)
  2 black bears
  A lemure (D:9)
  A centaur (D:5)
  A kobold brigand (D:7)
  A bullfrog (D:6)
  A gnoll sergeant (D:5)
  3 scorpions
  Dowan (D:5)
  8 killer bees
  4 orc priests
  A hound (D:7)
  2 jellies
  A sleepcap (D:6)
  A hell rat (D:9)
  An iguana (D:7)
  8 orc wizards
  8 gnolls
  9 adders
  A shadow imp (D:7)
  2 white imps (D:6)
  An ufetubus (D:6)
  2 worms
  A dart slug (D:4)
  18 orcs
  9 endoplasms
  6 giant cockroaches
  8 goblins
  5 hobgoblins
  8 jackals
  11 kobolds
  5 quokkas
  5 ball pythons
  6 bats
  4 frilled lizards
  3 rats
169 creatures vanquished.

Notes
Turn   | Place    | Note
-------+----------+-------------------------------------------
     0 | D:1      | Strat the Octopode Venom Mage began the quest for the Orb.
     0 | D:1      | Reached XP level 1. HP: 11/11 MP: 3/3
    96 | D:1      | Reached XP level 2. HP: 13/17 MP: 1/5
   141 | D:1      | Learned a level 2 spell: Poisonous Vapours
   157 | D:1      | Reached skill level 4 in Poison Magic
   637 | D:1      | Found a faded altar of an unknown god.
   809 | D:1      | Reached XP level 3. HP: 21/21 MP: 1/6
  1080 | D:1      | Got the Handbook of the Burning Sphinx
  1085 | D:1      | Learned a level 3 spell: Mephitic Cloud
  1574 | D:2      | Reached XP level 4. HP: 26/27 MP: 5/7
  1656 | D:2      | Found Gosm's Armour Shop.
  1775 | D:2      | Noticed Sigmund
  1796 | D:2      | Reached skill level 5 in Poison Magic
  1840 | D:2      | Reached skill level 5 in Stealth
  1889 | D:2      | Identified the ring "Moinwaqa" {+Blink rF- Int+3 Dex+6}
  2522 | D:3      | Reached XP level 5. HP: 24/31 MP: 4/8
  2974 | D:3      | Found Ysiniemu's Assorted Antiques.
  3378 | D:4      | Reached skill level 1 in Conjurations
  3378 | D:4      | Reached skill level 1 in Air Magic
  3734 | D:4      | Reached XP level 6. HP: 31/36 MP: 3/9
  3853 | D:4      | Found a snail-covered altar of Cheibriados.
  4395 | D:5      | Entered Level 5 of the Dungeon
  4402 | D:5      | Found a staircase to the Ecumenical Temple.
  4414 | D:5      | Reached skill level 6 in Poison Magic
  4424 | Temple   | Entered the Ecumenical Temple
  4566 | Temple   | Became a worshipper of Vehumet
  4626 | D:5      | Noticed Duvessa
  4697 | D:5      | Noticed Dowan
  4907 | D:5      | Noticed a black bear
  4912 | D:5      | Noticed Grinder
  4953 | D:5      | Killed a black bear
  4954 | D:5      | Reached XP level 7. HP: 21/41 MP: 1/12
  5079 | D:5      | Found a transporter.
  5079 | D:5      | Found a transporter.
  5139 | D:5      | Noticed RancidPinata's ghost (weakling OpDe)
  5327 | D:5      | Learned a level 4 spell: Olgreb's Toxic Radiance
  5364 | D:5      | Paralysed by Grinder for 4 turns
  5450 | D:6      | Noticed Blork the orc
  5452 | D:6      | Noticed Prince Ribbit
  5555 | D:6      | Noticed Edmund
  5585 | D:6      | Killed Prince Ribbit
  5586 | D:6      | Reached skill level 7 in Poison Magic
  5602 | D:6      | Reached skill level 8 in Poison Magic
  5782 | D:6      | Killed Edmund
  5783 | D:6      | Reached skill level 1 in Fighting
  5783 | D:6      | Reached XP level 8. HP: 48/48 MP: 6/14
  5918 | D:6      | Identified the staff of conjuration "Teorunk" {rF- rN+
                  | Str+2}
  6316 | D:5      | Killed Dowan
  6322 | D:5      | Killed Duvessa
  6419 | D:5      | Found a hazy altar of Hepliaklqana.
  7065 | D:5      | Paralysed by Grinder for 4 turns
  7489 | D:7      | Reached skill level 5 in Spellcasting
  7489 | D:7      | Reached skill level 9 in Poison Magic
  7912 | D:7      | Reached XP level 9. HP: 53/58 MP: 6/17
  8018 | D:7      | Reached * piety under Vehumet
  8018 | D:7      | Offered knowledge of Sandblast by Vehumet.
  8077 | D:7      | Learned a level 1 spell: Apportation
  8090 | D:7      | Reached skill level 5 in Fighting
  8090 | D:7      | Reached skill level 10 in Poison Magic
  9024 | D:8      | Found an ancient bone altar of Kikubaaqudgha.
  9588 | D:8      | Learned a level 1 spell: Sandblast
 10139 | D:9      | Reached XP level 10. HP: 39/64 MP: 15/21
 10381 | D:9      | Found a sparkling altar of Nemelex Xobeh.
 10383 | D:9      | Noticed Pikel
 10396 | D:9      | Killed Pikel
 10396 | D:9      | Offered knowledge of Static Discharge by Vehumet.
 10594 | D:9      | Noticed a death yak
 10632 | D:9      | Killed a death yak
 10632 | D:9      | Reached ** piety under Vehumet
 11057 | D:9      | Noticed a death yak
 11102 | D:9      | Mangled by a death yak

Illustrated notes

Levels and vault maps discovered:
D:1:      saegor_arrival_simple_c, layout_loops_corners,
          ebering_ecumenical_altar_box, minmay_misc_feat_square
D:2:      layout_loops_cross, serial_shops, nicolae_shop_tiny_waterfront,
          minmay_puff, uniq_sigmund
D:3:      layout_basic, serial_shops, nicolae_shop_tiny_real_fake_doors
D:4:      layout_cave_pods, kennysheep_slug_shrine
D:5:      layout_rooms, nicolae_hepliaklqana_monster_ancestors,
          minmay_temple_entry_proselytizer, gammafunk_ghost_hive, uniq_duvessa,
          uniq_grinder
D:6:      layout_cave_pools, uniq_edmund, uniq_prince_ribbit1,
          uniq_blork_the_orc
D:7:      layout_basic, reono_crystal_passage, dk_rats_in_the_wall
D:8:      layout_loops_corners, kiku_gazebo_garden_becter, fountainhead,
          st_stairs_12, roderic_serpentine_path
D:9:      layout_basic, mainiacjoe_overflow_catwalk, dpeg_lair_monsters,
          hellmonk_guarded_unrand_vitality_bloodlust, uniq_pikel
Temple:   hc_temple_tempest_star

Skill      XL: |  1  2  3  4  5  6  7  8  9 10 |
---------------+-------------------------------+-----
Stealth        | 3 4 5 |  5.0
Poison Magic   | 4 5 6 8 9 10 | 10.3
Conjurations   | 1 2 3 |  3.0
Air Magic      | 1 2 |  2.0
Spellcasting   | 3 4 5 7 8 |  8.3
Fighting       | 1 3 6 8 |  8.3
Dodging        | |  2.0
Transmutations | |  1.0

Action                     |  1- 3 |  4- 6 |  7- 9 | 10-12 || total
---------------------------+-------+-------+-------+-------++-------
  Melee: Unarmed           |     8 |       |       |       ||     8
         Dagger            |    54 |    96 |    59 |     1 ||   210
         Constrict         |    17 |    24 |    11 |       ||    52
         Tentacles         |    11 |    21 |    18 |       ||    50
         Punch             |     1 |       |       |       ||     1
   Cast: Sting             |    12 |    11 |    13 |       ||    36
         Poisonous Vapours |    13 |    18 |     4 |     1 ||    36
         Mephitic Cloud    |       |     6 |     7 |     2 ||    15
         Olgreb's Toxic Ra |       |       |    45 |    27 ||    72
         Sandblast         |       |       |    10 |       ||    10
  Evoke: Wand              |       |       |     5 |       ||     5
    Use: Scroll            |       |       |    24 |     1 ||    25
         Potion            |       |       |     6 |       ||     6
   Stab: Sleeping          |     4 |    12 |     3 |       ||    19
         Distracted        |       |     1 |       |       ||     1
         Confused          |       |       |     1 |       ||     1
 Armour: Skin              |    10 |     3 |     6 |       ||    19
  Dodge: Dodged            |    50 |    57 |    60 |     6 ||   173
